 Dungeon Crawl Stone Soup version 0.24-a0-115-gd155597 (webtiles) character file.

Game seed: 8189321681679625672

7710 pidr the Covert (level 11, -6/78 HPs)
             Began as an Octopode Assassin on Feb 16, 2019.
             Was an Elder of Dithmenos.
             Mangled by a two-headed ogre
             ... wielding a +0 giant spiked club
              (25 damage)
             ... on level 9 of the Dungeon.
             The game lasted 00:29:19 (9354 turns).

pidr the Covert (Octopode Assassin)                 Turns: 9354, Time: 00:29:19

Health: -6/78      AC:  2    Str: 19    XL:     11   Next: 19%
Magic:  20/20      EV: 18    Int: 14    God:    Dithmenos [****..]
Gold:   545        SH:  5    Dex: 13    Spells: 10/10 levels left

rFire    . . .     SeeInvis +   m - +1 dagger (drain)
rCold    . . .     Gourm    .   F - +0 buckler
rNeg     . . .     Faith    .   Q - +1 hat {SInv}
rPois    .         Spirit   .   (no amulet)
rElec    .         Reflect  .   g - +3 ring of strength
rCorr    .         Harm     .   p - ring of magical power
MR       .....                  x - +2 ring of strength
Stlth    +++++++++.             C - ring of ice
HPRegen  0.23/turn              q - ring of fire
MPRegen  0.17/turn              (no ring)
                                (no ring)
                                (no ring)

@: wreathed by umbra
A: almost no armour, stealthy swim, amphibious, 8 rings, constrict 8, camouflage
1, gelatinous body 1
a: Shadow Step, Renounce Religion


You were on level 9 of the Dungeon.
You worshipped Dithmenos.
Dithmenos was greatly pleased with you.
You were not hungry.

You visited 1 branch of the dungeon, and saw 9 of its levels.

You collected 545 gold pieces.

Inventory:

Hand Weapons
 a - a +2 dagger
 b - a +0 blowgun
 k - a +2 dagger of freezing
 m - a +1 dagger of draining (weapon)
 E - a cursed -3 short sword
Missiles
 c - 26 poisoned needles
 d - 2 curare-tipped needles
 o - 3 silver tomahawks
 r - 2 tomahawks of returning
 s - 4 needles of confusion
 H - 9 tomahawks (quivered)
Armour
 F - a +0 buckler (worn)
 Q - a +1 hat of see invisible (worn)
Magical Staves
 K - an uncursed staff of death {unknown}
Jewellery
 g - a +3 ring of strength (left tentacle)
 p - a ring of magical power (right tentacle)
 q - a ring of fire (on tentacle)
 x - a +2 ring of strength (on tentacle)
 C - a ring of ice (on tentacle)
Wands
 y - a wand of acid (7)
 A - a wand of iceblast (1)
 O - a wand of clouds (5)
Scrolls
 i - 2 scrolls of magic mapping {unknown}
 j - 2 scrolls of immolation {unknown}
 l - 5 scrolls of teleportation
 t - a scroll of random uselessness {unknown}
 u - 2 scrolls of remove curse {unknown}
 v - 2 scrolls of noise {unknown}
 B - a scroll of acquirement {unknown}
 D - 2 scrolls of amnesia {unknown}
 G - a scroll of fear {unknown}
 M - a scroll of fog {unknown}
 N - a scroll of enchant weapon {unknown}
Potions
 e - 2 potions of magic
 h - 2 potions of lignification
 n - a potion of haste {unknown}
 w - a potion of cancellation
 z - 2 potions of curing
 I - a potion of mutation {unknown}
 J - 2 potions of flight
 L - a potion of ambrosia {unknown}
 P - a potion of might {unknown}
Comestibles
 f - 10 rations
 R - 3 chunks of flesh


   Skills:
 + Level 8.4 Fighting
 + Level 8.5 Short Blades
 - Level 2.0 Throwing
 + Level 8.3 Dodging
 + Level 12.5 Stealth
 - Level 4.2 Shields


You had 10 spell levels left.
You didn't know any spells.
Your spell library was empty.

Dungeon Overview and Level Annotations

Branches:
Dungeon (9/15)             Temple (0/1) D:5            Lair (0/6) D:8
    Orc: D:9-12

Altars:
Ashenzari
Cheibriados
Dithmenos
Fedhas
Gozag
Hepliaklqana
Sif Muna
Wu Jian

Shops:
D:5 *   D:8 *


Innate Abilities, Weirdness & Mutations

You cannot wear most types of armour.
You are very stealthy in the water. (Stealth+)
You are amphibious.
You can wear up to eight rings at the same time.
You can use your tentacles to constrict eight enemies at once.
Your skin changes colour to match your surroundings (Stealth+).
Your rubbery body absorbs attacks. (AC +1, EV +1)


Message History

The two-headed ogre hits you with a +0 giant spiked club!
The two-headed ogre hits you with a +0 giant club!
You hit the two-headed ogre. You squeeze the two-headed ogre.
The two-headed ogre is heavily wounded.
You hit the two-headed ogre.
The two-headed ogre is heavily wounded.
The two-headed ogre hits you with a +0 giant spiked club!!
The two-headed ogre hits you with a +0 giant club!
* * * LOW HITPOINT WARNING * * *
Evoke which item? (* to show all) (? for menu, Esc to quit)
Aiming: Corrosive Bolt
Press: ? - help, Shift-Dir - straight line, f/p - ogre
Aim: an ogre, wielding a +0 giant club (heavily wounded, covered in acid, umbra)
The bolt of acid misses the two-headed ogre.
The bolt of acid hits the ogre!
The ogre is splashed with acid.
You kill the ogre!
Dithmenos accepts your kill.
The two-headed ogre is no longer covered in acid.
The two-headed ogre hits you with a +0 giant spiked club!!
You die...

#.###..##......####
#..O)..##......####
#####.###.........#
#)...)# #......##..
#.##### #.......... #.#
########### #.# #
####O#################
#....@..............##
#.##.#..####..#####.##
#.##.#..####..#####.##
#.##.............รท....
#.####..####..#####.##
#.####..............#
#.......#############
#########


You could see a two-headed ogre.

Vanquished Creatures
  Gastronok (D:9)
  Erica (D:8)
  2 two-headed ogres
  A hippogriff (D:8)
  A yak (D:9)
  A wyvern (D:9)
  Grum (D:9)
  A phantom (D:8)
  3 ice beasts
  2 orc warriors (D:6)
  2 sky beasts
  A black bear (D:8)
  A necrophage (D:6)
  2 ogres
  2 centaurs
  5 wolves (D:9)
  A big kobold (D:7)
  3 bullfrogs
  3 scorpions
  11 killer bees
  6 electric eels
  A crimson imp (D:8)
  2 orc priests
  7 hounds
  3 jellies
  2 orc wizards
  A bullfrog skeleton (D:7)
  2 iguanas (D:6)
  A centaur skeleton (D:4)
  6 worker ants
  A centaur simulacrum (D:9)
  A hound zombie (D:5)
  3 gnolls (D:5)
  15 adders
  2 howler monkey skeletons
  An ufetubus (D:9)
  2 worms (D:4)
  2 dart slugs
  An adder simulacrum (D:9)
  3 leopard geckos
  17 orcs
  4 giant cockroaches
  8 goblins
  5 hobgoblins
  7 jackals
  10 kobolds
  3 quokkas
  A ball python (D:1)
  A ball python skeleton (D:5)
  6 bats
  A frilled lizard (D:1)
  A giant cockroach zombie (D:5)
  A leopard gecko simulacrum (D:9)
  6 rats
178 creatures vanquished.

Vanquished Creatures (others)
  4 fungi (D:5)
  6 plants
10 creatures vanquished.

Grand Total: 188 creatures vanquished

Notes
Turn   | Place    | Note
-------+----------+-------------------------------------------
     0 | D:1      | pidr the Octopode Assassin began the quest for the Orb.
     0 | D:1      | Reached XP level 1. HP: 14/14 MP: 1/1
    49 | D:1      | Reached XP level 2. HP: 17/19 MP: 2/2
   525 | D:2      | Reached XP level 3. HP: 25/25 MP: 3/3
   606 | D:2      | Found a shadowy altar of Dithmenos.
   614 | D:2      | Found a shattered altar of Ashenzari.
   758 | D:2      | Became a worshipper of Dithmenos the Shadowed
   991 | D:2      | Found an opulent altar of Gozag.
   995 | D:2      | Reached XP level 4. HP: 29/30 MP: 4/4
  1001 | D:2      | Reached skill level 6 in Stealth
  1615 | D:3      | Reached * piety under Dithmenos
  1615 | D:3      | Reached XP level 5. HP: 36/36 MP: 5/5
  2436 | D:4      | Found a snail-covered altar of Cheibriados.
  2566 | D:4      | Reached XP level 6. HP: 42/42 MP: 6/6
  2646 | D:4      | Reached skill level 7 in Stealth
  3162 | D:5      | Entered Level 5 of the Dungeon
  3195 | D:5      | Found an opulent altar of Gozag.
  3197 | D:5      | Found Gozag's Platinum Reserve.
  3394 | D:5      | Found a staircase to the Ecumenical Temple.
  3413 | D:5      | Reached ** piety under Dithmenos
  3438 | D:5      | Reached XP level 7. HP: 47/47 MP: 7/7
  3448 | D:5      | Found a hazy altar of Hepliaklqana.
  4453 | D:6      | Reached skill level 8 in Stealth
  5236 | D:6      | Reached skill level 1 in Shields
  5236 | D:6      | Reached XP level 8. HP: 54/54 MP: 8/8
  5505 | D:6      | Reached skill level 5 in Short Blades
  5816 | D:6      | Reached skill level 5 in Fighting
  5964 | D:7      | Reached *** piety under Dithmenos
  5970 | D:7      | Reached skill level 5 in Dodging
  5976 | D:7      | Reached skill level 9 in Stealth
  5986 | D:7      | Reached XP level 9. HP: 12/61 MP: 9/9
  6270 | D:7      | Found an ornate altar of the Wu Jian Council.
  6849 | D:8      | Found a deep blue altar of Sif Muna.
  6849 | D:8      | Noticed a two-headed ogre
  6850 | D:8      | Found a blossoming altar of Fedhas.
  6852 | D:8      | Noticed Erica
  6943 | D:8      | Reached skill level 10 in Stealth
  7092 | D:8      | Found Zuoterua's Assorted Antiques.
  7106 | D:8      | Killed Erica
  7130 | D:8      | Reached XP level 10. HP: 50/69 MP: 10/10
  7324 | D:8      | Killed a two-headed ogre
  7324 | D:8      | Reached skill level 11 in Stealth
  7682 | D:8      | Found a staircase to the Lair.
  8114 | D:9      | Noticed Gastronok
  8114 | D:9      | Noticed a two-headed ogre
  8137 | D:9      | Killed Gastronok
  8144 | D:9      | Killed a two-headed ogre
  8144 | D:9      | Reached skill level 12 in Stealth
  8453 | D:9      | Reached XP level 11. HP: 77/77 MP: 11/11
  8653 | D:9      | Noticed Grum
  8699 | D:9      | Killed Grum
  8722 | D:9      | Reached **** piety under Dithmenos
  9336 | D:9      | Noticed a two-headed ogre
  9354 | D:9      | Mangled by a two-headed ogre

Levels and vault maps discovered:
D:1:      minmay_arrival_plants_in_alcoves, layout_basic, minmay_misc_feat_x,
          fountainhead, grunt_decor_one_mirror
D:2:      layout_basic, old_standard_altar,
          chequers_temple_overflow_statue_of_worship, first_ration
D:3:      layout_basic
D:4:      layout_basic, kennysheep_slug_shrine, kennysheep_generic_room_15
D:5:      layout_basic, minmay_temple_entry_trees, basic_altar, serial_aquarium,
          aquarium_bridge_square [aquarium_subvault_bridge,
          aquarium_subvault_wall, aquarium_subvault_bridge,
          aquarium_subvault_bridge], aquarium_window_fake, aquarium_window_1,
          aquarium_view_2a, aquarium_balcony_double_1, aquarium_pool_side,
          nicolae_gozag_zags_fifth_avenue
D:6:      layout_basic, serial_bayou_lake_a
D:7:      layout_gridville, kennysheep_mini, hex_medium
D:8:      layout_rooms, grunt_temple_overflow_open, lair_entry_dummy,
          serial_shops, nicolae_shop_overgrown_old_shop, uniq_erica
D:9:      corexii_shack_village, layout_loops_cross, xom_butterflies,
          david_orc_4, serial_ice, serial_ice_j, serial_ice_n, serial_ice_e,
          serial_ice_d, uniq_grum, uniq_gastronok

Skill      XL: |  1  2  3  4  5  6  7  8  9 10 |
---------------+-------------------------------+-----
Dodging        | 2 3 4 5 6 8 |  8.3
Stealth        | 6 7 8 9 10 12 | 12.5
Short Blades   | 3 4 5 6 8 |  8.5
Fighting       | 3 4 5 6 8 |  8.4
Shields        | 1 3 4 |  4.2
Throwing       | |  2.0

Action                   |  1- 3 |  4- 6 |  7- 9 | 10-12 || total
-------------------------+-------+-------+-------+-------++-------
Melee: Dagger            |    53 |   115 |   210 |   139 ||   517
       Constrict         |    15 |    22 |    35 |    15 ||    87
       Tentacles         |     6 |    24 |    43 |    36 ||   109
 Fire: Blowgun           |       |       |     1 |    11 ||    12
Throw: Tomahawk          |       |       |       |     9 ||     9
Evoke: Wand              |       |       |     2 |     3 ||     5
  Use: Scroll            |       |     4 |     4 |       ||     8
       Potion            |       |       |     5 |       ||     5
 Stab: Sleeping          |    16 |    12 |    18 |     5 ||    51
       Distracted        |       |       |     1 |     2 ||     3
       Confused          |       |       |       |     2 ||     2
  Eat: Chunk             |       |     8 |    11 |     4 ||    23
       Ration            |       |       |       |     1 ||     1
Armor: Skin              |     8 |     5 |    16 |     5 ||    34
Dodge: Dodged            |    27 |    66 |    92 |    77 ||   262
Block: Buckler           |       |       |    22 |    24 ||    46

Table legend:
 A = Non-vault XP
 B = Vault XP
 C = Vault XP percentage of total XP
 D = Non-vault monster count
 E = Vault monster count
 F = Vault count percentage of total count
                 A         B        C        D         E       F
            +---------+---------+-------+---------+---------+-------
      Total |    6881 |    4134 |  37.5 |     163 |      15 |   8.4
            +---------+---------+-------+---------+---------+-------
        D:1 |      31 |       0 |   0.0 |      19 |       0 |   0.0
        D:2 |     123 |       0 |   0.0 |      23 |       0 |   0.0
        D:3 |      73 |       0 |   0.0 |      14 |       0 |   0.0
        D:4 |     264 |       4 |   1.5 |      15 |       1 |   6.2
        D:5 |     243 |       0 |   0.0 |      16 |       0 |   0.0
        D:6 |    1089 |       0 |   0.0 |      22 |       0 |   0.0
        D:7 |    1006 |       0 |   0.0 |      19 |       0 |   0.0
        D:8 |    2319 |     902 |  28.0 |      21 |       1 |   4.5
        D:9 |    1733 |    3228 |  65.1 |      14 |      13 |  48.1
            +---------+---------+-------+---------+---------+-------
